Map: Rhoskallian LE

Players

qqq - Winner!

  • Race: Zerg Zerg
  • Spawn Location: 6:00

Massa - Winner!

  • Race: Terran Terran
  • League: Platinum
  • Spawn Location: 5:00

InUrBase

  • Race: Protoss Protoss
  • Spawn Location: 12:00

PLSQuit

  • Race: Zerg Zerg
  • Spawn Location: 11:00

VOD

Have the link to the VOD?

Description

Time

  • Played on: Jan. 30, 2021, 6:18 a.m.
  • Length: 4:05
Show
View Real Time Build Order
Export as new Build Order

qqq Zerg - Winner!

Build Orders: Pool First 

Get SALT Encoding   

  12  0:00  Drone  
  13  0:09  Drone  
  14  0:18  Overlord  
  14  0:35  Spawning Pool  
  13  0:42  Drone  
  14  0:47  Extractor, Drone  
  14  0:48  Drone  
  15  0:54  Drone  
  16  1:05  Overlord  
  16  1:16  Drone  
  17  1:21  Queen  
  19  1:26  Zergling x2  
  20  1:36  Zergling x2  
  21  1:48  Zergling x2  
  21  1:51  Metabolic Boost  
  22  1:58  Zergling x2  
  23  2:15  Zergling x2  
  24  2:22  Zergling x2  
  25  2:36  Zergling x2  
  25  2:41  Zergling x2  
  25  2:42  Hatchery  
  25  3:01  Zergling x4  
  25  3:02  Zergling x2  
  27  3:08  Zergling x2  
  28  3:20  Zergling x4  
  28  3:22  Overlord  
  29  3:33  Zergling x2  
  28  3:42  Zergling x2  
Show
View Real Time Build Order
Export as new Build Order

Massa Terran - Winner!

Build Orders:  

Get SALT Encoding   

  12  0:00  SCV  
  13  0:12  SCV  
  14  0:18  Supply Depot  
  14  0:24  SCV  
  15  0:40  SCV  
  15  0:41  Barracks  
  16  0:45  Refinery  
  16  0:52  SCV  
  17  1:04  SCV  
  17  1:08  Barracks  
  18  1:17  SCV  
  19  1:31  Marine  
  20  1:32  Supply Depot  
  20  1:36  Orbital Command  
  20  1:46  Barracks  
  20  1:56  Barracks Tech Lab  
  20  1:57  Marine  
  21  2:02  SCV  
  22  2:15  Marine x2  
  24  2:17  Stimpack  
  24  2:32  Marine  
  24  2:33  Marine x2  
  27  2:51  Marauder, Marine x2  
  31  3:05  Supply Depot  
  31  3:06  Command Center  
  31  3:10  Marine x2  
  31  3:12  Marauder  
  35  3:28  Marine  
  36  3:38  Marauder, Marine  
Show
View Real Time Build Order
Export as new Build Order

InUrBase Protoss 

Build Orders: 1 Gate Expand 

Get SALT Encoding   

  12  0:00  Probe  
  13  0:12  Probe  
  14  0:19  Pylon  
  14  0:24  Probe  
  15  0:38  Probe (Chrono Boost)  
  16  0:44  Gateway  
  16  0:49  Probe (Chrono Boost), Assimilator  
  17  0:54  Probe (Chrono Boost)  
  18  1:04  Probe  
  19  1:16  Probe  
  20  1:27  Nexus  
  20  1:44  Cybernetics Core  
  20  1:46  Probe  
  21  1:51  Pylon  
  21  1:58  Probe  
  22  2:10  Probe  
  23  2:22  Probe, Adept (Chrono Boost)  
  24  2:29  Pylon  
  26  2:34  Probe, Twilight Council  
  27  2:39  Assimilator  
  27  2:42  Probe  
  28  2:47  Probe  
  28  2:50  Shield Battery  
  29  2:51  Adept  
  31  3:00  Probe x2 (Chrono Boost)  
  33  3:09  Probe (Chrono Boost)  
  33  3:11  Probe (Chrono Boost)  
  35  3:14  Probe (Chrono Boost)  
  35  3:17  Gateway  
  35  3:19  Probe  
  34  3:39  Adept (Chrono Boost)  
Show
View Real Time Build Order
Export as new Build Order

PLSQuit Zerg 

Build Orders: Hatch First 

Get SALT Encoding   

  12  0:00  Drone  
  13  0:14  Overlord  
  13  0:18  Drone  
  14  0:32  Drone x2  
  16  0:54  Drone, Hatchery  
  16  0:57  Drone  
  16  1:01  Drone  
  18  1:12  Extractor  
  18  1:18  Spawning Pool  
  16  1:21  Drone  
  16  1:24  Drone  
  18  1:29  Drone  
  19  1:40  Drone  
  20  1:51  Overlord  
  20  2:06  Zergling x2  
  20  2:07  Queen, Zergling x2  
  20  2:08  Queen  
  26  2:14  Drone  
  27  2:25  Zergling x4  
  29  2:32  Drone  
  30  2:42  Overlord x2  
  30  2:55  Overlord  
  30  3:00  Queen  
  30  3:02  Baneling Nest  
  30  3:20  Zergling x8  
  30  3:21  Zergling x4  
  34  3:29  Spine Crawler  
  32  3:47  Roach Warren, Baneling x2  
  32  3:48  Baneling x3  
Tags
 
Add a new tag
Caveats
  • Supply blocks, unpowered buildings, or Contaminate may cause inaccurate times.
  • Supply counts are checked every 10 seconds.